Map: New Repugnancy LE

Players

Throwfordays

  • Race: Protoss Protoss
  • League: Bronze
  • Spawn Location: 7:00

VOD

Have the link to the VOD?

Description

Time

  • Played on: Jan. 23, 2019, 9:05 p.m.
  • Length: 15:26
Show
View Real Time Build Order
Export as new Build Order

Throwfordays Protoss 

Build Orders:  

Get SALT Encoding   

  12  0:03  Probe (Chrono Boost)  
  14  0:20  Probe (Chrono Boost)  
  14  0:25  Pylon  
  14  0:37  Probe (Chrono Boost)  
  15  0:54  Gateway, Probe (Chrono Boost)  
  16  1:08  Assimilator  
  16  1:13  Probe (Chrono Boost)  
  18  1:30  Probe (Chrono Boost)  
  18  1:43  Assimilator  
  18  1:47  Probe (Chrono Boost)  
  19  2:00  Cybernetics Core  
  19  2:04  Probe (Chrono Boost)  
  19  2:05  Gateway  
  21  2:21  Probe (Chrono Boost)  
  21  2:38  Probe (Chrono Boost)  
  22  2:41  Pylon  
  22  2:55  Probe (Chrono Boost)  
  23  3:09  Nexus  
  27  3:31  Warp Gate  
  27  3:41  Twilight Council  
  27  4:02  Probe (Chrono Boost)  
  27  4:09  Unknown  
  28  4:10  Unknown  
  28  4:19  Probe (Chrono Boost)  
  31  4:34  Pylon  
  34  4:52  Probe (Chrono Boost)  
  34  4:57  Unknown, Probe (Chrono Boost)  
  35  5:09  Probe (Chrono Boost)  
  36  5:14  Probe (Chrono Boost)  
  37  5:25  Probe (Chrono Boost)  
  39  5:31  Unknown, Probe (Chrono Boost)  
  39  5:33  Pylon  
  39  5:39  Adept  
  41  5:42  Probe (Chrono Boost)  
  41  5:45  Adept  
  41  5:47  Probe (Chrono Boost)  
  45  5:59  Probe (Chrono Boost)  
  46  6:01  Templar Archives  
  46  6:04  Probe (Chrono Boost)  
  47  6:16  Probe (Chrono Boost)  
  47  6:18  Gateway  
  49  6:20  Gateway  
  49  6:21  Probe (Chrono Boost)  
  49  6:29  Gateway  
  49  6:33  Probe (Chrono Boost)  
  49  6:34  Unknown  
  49  6:37  Gateway  
  49  6:38  Probe (Chrono Boost)  
  51  6:46  Gateway  
  51  7:00  Assimilator  
  51  7:06  Assimilator  
  51  7:12  Pylon  
  51  7:17  Pylon  
  51  7:19  High Templar  
  53  7:20  High Templar  
  53  7:27  Archon  
  55  7:37  Nexus  
  55  7:51  High Templar x2  
  59  8:12  Archon  
  60  8:20  Probe (Chrono Boost)  
  60  8:23  Probe (Chrono Boost)  
  61  8:37  Probe (Chrono Boost)  
  63  8:40  Probe (Chrono Boost)  
  63  8:43  High Templar  
  65  8:54  Probe (Chrono Boost)  
  66  9:06  High Templar  
  66  9:07  Zealot x2  
  66  9:08  Zealot x2  
  66  9:09  Zealot  
  78  9:14  Pylon  
  78  9:22  Archon  
  78  9:26  Charge  
  79  9:31  Probe (Chrono Boost)  
  79  9:35  Probe (Chrono Boost)  
  80  9:48  Probe (Chrono Boost)  
  80  9:49  Sentry x2  
  85  9:52  Probe (Chrono Boost)  
  85  9:58  Stalker x2  
  85  9:59  Stalker  
  92  10:01  Stalker  
  92  10:05  Probe (Chrono Boost)  
  92  10:06  Zealot  
  92  10:09  Probe (Chrono Boost)  
  99  10:22  Probe (Chrono Boost)  
  99  10:26  Pylon, Probe (Chrono Boost)  
  99  10:28  Psionic Storm  
  100  10:34  Assimilator  
  100  10:39  Probe (Chrono Boost)  
  101  10:40  Assimilator  
  101  10:50  Pylon  
  101  10:54  Probe (Chrono Boost)  
  101  10:55  Pylon  
  102  11:00  Pylon  
  102  11:05  High Templar  
  102  11:09  High Templar  
  106  11:30  Archon  
  107  11:50  Probe (Chrono Boost)  
  107  11:54  Probe (Chrono Boost)  
  108  12:02  Probe (Chrono Boost)  
  108  12:07  Probe (Chrono Boost)  
  110  12:12  Forge  
  110  12:15  Forge  
  110  12:17  Forge, Zealot x5  
  110  12:18  Zealot x2  
  110  12:19  Probe (Chrono Boost)  
  125  12:28  Probe (Chrono Boost)  
  108  12:36  Probe (Chrono Boost)  
  73  12:46  Zealot  
  73  12:47  Zealot x4  
  73  12:48  Zealot x2  
  70  12:53  Probe (Chrono Boost)  
  66  13:18  Stalker x3  
  66  13:19  Stalker x4  
  51  13:53  Zealot x3  
  51  13:54  Zealot x4  
  45  14:23  Zealot x4  
  45  14:24  Zealot x3  
  40  14:51  Zealot x3  
  40  14:52  Zealot x4  
  42  15:12  Zealot x5  
  42  15:13  Zealot  
Tags
 
League
Bronze
Matchup
Co-op
Replay Pack
Multiplayer
Add a new tag
Caveats
  • Supply blocks, unpowered buildings, or Contaminate may cause inaccurate times.
  • Supply counts are checked every 10 seconds.